 Dungeon Crawl Stone Soup version 0.22.0-1-g6561e4c (console) character file.

666 nht the Cleaver (level 7, -9/56 HPs)
             Began as a Minotaur Hunter on Aug 12, 2018.
             Killed from afar by an orc wizard (30 damage)
             ... with an exploding inner flame
             ... hexed by the player character
             ... on level 5 of the Dungeon.
             The game lasted 00:03:30 (3145 turns).

nht the Cleaver (Minotaur Hunter)                   Turns: 3145, Time: 00:03:32

Health: -9/56      AC: 10    Str: 15 (18) XL:     7   Next: 31%
Magic:  6/6        EV:  9    Int:  5 (8)  God:
Gold:   264        SH:  0    Dex: 10 (11) Spells: 6/6 levels left

rFire    . . .     SeeInvis .   o - +1 hand axe (elec)
rCold    . . .     Gourm    .   (no shield)
rNeg     . . .     Faith    .   t - +0 scale mail
rPois    .         Spirit   .   (helmet restricted)
rElec    .         Reflect  .   s - +0 cloak
rCorr    .         Harm     .   g - +2 pair of gloves
MR       .....                  (no boots)
Stlth    ..........             (no amulet)
HPRegen  0.18/turn              (no ring)
MPRegen  0.10/turn              (no ring)

@: very slightly contaminated
A: retaliatory headbutt, horns 2
a: no special abilities


You were on level 5 of the Dungeon.
You were not hungry.

You visited 2 branches of the dungeon, and saw 6 of its levels.

You collected 264 gold pieces.

Inventory:

Hand Weapons
 a - a +1 hand crossbow
 b - a +0 short sword
 o - a +1 hand axe of electrocution (weapon)
Missiles
 d - 14 bolts
Armour
 g - a +2 pair of gloves (worn)
 s - a +0 cloak (worn)
 t - a +0 scale mail (worn)
Scrolls
 j - 2 scrolls of enchant armour
 l - a scroll of blinking
 m - 2 scrolls of remove curse
 n - 2 scrolls of identify
Potions
 i - 3 potions of curing
Comestibles
 f - 8 rations
 q - 3 chunks of flesh


   Skills:
 - Level 2.4 Fighting
 + Level 8.8 Axes
 - Level 5.5 Crossbows
 - Level 2.1 Dodging
 - Level 0.7 Stealth


You had 6 spell levels left.
You didn't know any spells.
Your spell library was empty.

Dungeon Overview and Level Annotations

Branches:
Dungeon (5/15)             Temple (1/1) D:4

Altars:
Ashenzari
Cheibriados
Dithmenos
Fedhas
Gozag
Hepliaklqana
Makhleb
Nemelex Xobeh
Qazlal
Ru
Sif Muna
Trog
Uskayaw
Vehumet
Yredelemnul
The Shining One


Innate Abilities, Weirdness & Mutations

You reflexively headbutt those who attack you in melee.
You have a pair of horns on your head.


Message History

The centaur shoots an arrow.
The arrow hits you! The orc barely misses you. You furiously retaliate!
You headbutt the orc. The orc hits you with a hand axe.
Found a stone staircase leading down.
You see here an arrow.
The orc barely misses you.
An ogre comes into view. It is wielding a giant club.
The orc wizard misses you. You furiously retaliate!
You headbutt the orc wizard. The orc wizard casts a spell at you.
The magic dart hits something.
You hear the rusting of a distant drain.
Something hits you.
The orc wizard gestures at you while chanting.
The magic dart hits something.
The centaur shoots an arrow.
The fiery explosion engulfs the giant cockroach.
You kill the giant cockroach!
The fiery explosion engulfs you!
Ouch! That really hurt!
You die...

█..█.o...o████
█..█O..██l█
██..█.l.██.█
█.....o.██.█
█.█.c.o....█
█.█..Z██████
█...§§o...█
████§.███.█
█§@█ ██.█ █>.


████ You could see an ogre, a centaur, an orc wizard, 2 orcs, a jackal zombie
and a leopard gecko.

Vanquished Creatures
  Sigmund (D:2)
  An ogre (D:4)
  A bullfrog (D:5)
  2 howler monkeys (D:4)
  A hound (D:5)
  An orc priest (D:4)
  2 worker ants (D:4)
  A hound skeleton (D:4)
  A worker ant zombie (D:5)
  6 adders
  An ooze (D:1)
  2 worms
  2 dart slugs
  2 leopard geckos (D:5)
  9 orcs
  A ball python (D:3)
  6 bats
  7 giant cockroaches
  7 goblins
  5 hobgoblins
  3 jackals (D:1)
  2 quokkas
  A ball python skeleton (D:5)
  5 frilled lizards
  10 kobolds
  A leopard gecko skeleton (D:4)
  4 rats
85 creatures vanquished.

Notes
Turn   | Place    | Note
-------+----------+-------------------------------------------
     0 | D:1      | nht the Minotaur Hunter began the quest for the Orb.
     0 | D:1      | Reached XP level 1. HP: 18/18 MP: 0/0
   172 | D:1      | Reached XP level 2. HP: 25/25 MP: 1/1
   189 | D:1      | Reached skill level 5 in Crossbows
   497 | D:1      | Reached XP level 3. HP: 30/30 MP: 2/2
   804 | D:2      | Noticed Sigmund
   815 | D:2      | Killed Sigmund
   815 | D:2      | Reached skill level 5 in Axes
   815 | D:2      | Reached XP level 4. HP: 37/37 MP: 3/3
   815 | D:2      | Reached XP level 5. HP: 42/42 MP: 4/4
  1857 | D:4      | Reached skill level 6 in Axes
  1857 | D:4      | Reached XP level 6. HP: 44/50 MP: 5/5
  2212 | D:4      | Reached skill level 7 in Axes
  2305 | D:4      | Found a staircase to the Ecumenical Temple.
  2393 | Temple   | Entered the Ecumenical Temple
  2737 | D:4      | Reached skill level 8 in Axes
  2737 | D:4      | Reached XP level 7. HP: 56/56 MP: 6/6
  2988 | D:5      | Entered Level 5 of the Dungeon
  3046 | D:5      | Found an opulent altar of Gozag.
  3145 | D:5      | Killed from afar by an orc wizard

Skill      XL: |  1  2  3  4  5  6 |
---------------+-------------------+-----
Crossbows      | 5 |  5.5
Axes           | 5 6 8 |  8.8
Fighting       | |  2.4
Dodging        | |  2.1
Stealth        | |  0.7

Action                   |  1- 3 |  4- 6 |  7- 9 || total
-------------------------+-------+-------+-------++-------
Melee: Hand axe          |    11 |    93 |    58 ||   162
       Headbutt          |     2 |     8 |     7 ||    17
 Fire: Hand crossbow     |    46 |       |       ||    46
  Use: Potion            |     1 |     1 |     1 ||     3
       Scroll            |       |       |     7 ||     7
 Stab: Sleeping          |       |     2 |       ||     2
  Eat: Chunk             |       |     6 |     1 ||     7
Armor: Leather armour    |     3 |    16 |     5 ||    24
       Skin              |     5 |     1 |       ||     6
       Scale mail        |       |       |    28 ||    28
Dodge: Dodged            |    20 |    48 |    34 ||   102
